 Dungeon Crawl Stone Soup version 0.30.1-9-gdf580d7c3d (webtiles) character file.

Game seed: 6603575226784711966

345 Ijustatesigmund the Digger (level 6, -1/35 HPs)
             Began as a Gargoyle Earth Elementalist on Oct 16, 2023.
             Slain by an iguana (7 damage)
             ... on level 5 of the Dungeon.
             The game lasted 00:05:35 (4124 turns).

Ijustatesigmund the Digger (GrEE)                   Turns: 4124, Time: 00:05:36

Health: -1/35      AC:  6    Str:  9 (11) XL:     6   Next: 58%
Magic:  11/11      EV: 11    Int: 18      God:
Gold:   119        SH:  0    Dex:  7 (10) Spells: 8/12 levels left

rFire   . . .        g - +0 flail (holy)
rCold   . . .        (no shield)
rNeg    + . .        a - +0 robe
rPois   ∞            (no helmet)
rElec   +            (no cloak)
rCorr   .            (no gloves)
SInv    .            (no boots)
Will    .....        (no amulet)
Stlth   ++           (no ring)
HPRegen 0.25/turn    (no ring)
MPRegen 0.12/turn

%: no passive effects
@: attractive
A: sickness immunity, AC +4, negative energy resistance 1, electricity
resistance, torment resistance 1, petrification resistance
a: no special abilities


You were on level 5 of the Dungeon.
You visited 1 branch of the dungeon, and saw 4 of its levels.

You collected 208 gold pieces.
You spent 89 gold pieces at shops.

Inventory:

Hand Weapons
 g - a +0 flail of holy wrath (weapon)
Missiles
 r - a throwing net
Armour
 a - a +0 robe (worn)
Scrolls
 c - a scroll of immolation {unknown}
 d - a scroll of amnesia {unknown}
 f - 2 scrolls of identify
 h - a scroll of silence {unknown}
 i - 2 scrolls of poison
 j - a scroll of fog {unknown}
 k - a scroll of magic mapping {unknown}
 l - a scroll of enchant weapon {unknown}
 m - a scroll of noise {unknown}
 o - a scroll of enchant armour {unknown}
 p - a scroll of vulnerability {unknown}
 s - a scroll of acquirement {unknown}
Potions
 b - 2 potions of magic
 e - a potion of flight {unknown}
 n - a potion of cancellation


   Skills:
 - Level 1.7 Fighting
 - Level 1.5 Dodging
 - Level 2.1 Stealth
 + Level 3.9 Spellcasting
 + Level 3.1 Conjurations
 - Level 0.7 Transmutations
 + Level 5.8 Earth Magic


You had 8 spell levels left.
You knew the following spells:

 Your Spells              Type           Power      Damage    Failure   Level
a - Sandblast             Erth           48%        2d12      1%          1
b - Stone Arrow           Conj/Erth      38%        3d9       7%          3

Your spell library contained the following spells:

 Spells                   Type           Power      Damage    Failure   Level
 Magic Dart               Conj           60%        1d6       4%          1
 Passwall                 Tmut/Erth      12%        N/A       6%          2
 Kiss of Death            Conj/Necr      36%        2d8       8%          1
 Necrotise                Necr           12%        1d4       16%         1
 Call Imp                 Summ           6%         N/A       22%         2
 Mephitic Cloud           Conj/Pois/Air  7%         N/A       28%         3
 Petrify                  Tmut/Erth      15%        N/A       36%         4
 Confusing Touch          Hex            3%         N/A       41%         3
 Vampiric Draining        Necr           3%         2d6       41%         3
 Dispel Undead            Necr           3%         3d7       83%         4
 Agony                    Necr           3%         N/A       99%         5


Dungeon Overview and Level Annotations

Branches:
Dungeon (3/15)

Altars:
Uskayaw

Shops:
D:2 :*


Innate Abilities, Weirdness & Mutations

You are immune to sickness and miasma.
Your stone body is resilient. (AC +4)
You are immune to poison.
You resist negative energy. (rN+)
You are resistant to electric shocks. (rElec)
You are resistant to unholy torment.
You are immune to petrification.


Message History

Found a twisted beryl amulet.
The black bear growls angrily.
You hear an angry hiss.
A puff of flame appears from out of thin air!
The puff of flame hits you! The orc hits you but does no damage.
The orc attacks as you move away! The orc closely misses you.
An iguana comes into view.
Found a ring mail.
The iguana hisses angrily.
The air fills with toxic fumes!
As you read the scroll labelled QIBOWO TIOM, it crumbles to dust.
It was a scroll of poison.
The orc hits you with a +0 club.
You hear some strange, mumbled words.
A puff of flame appears from out of thin air!
The puff of flame hits you. The orc barely misses you.
The black bear is engulfed in poison gas.
The black bear is poisoned.
The black bear closely misses you.
The black bear claws you but does no damage.
The black bear closely misses you.
Found an arbalest.
The iguana is engulfed in poison gas.
The iguana is poisoned.
The orc throws a boomerang.
The boomerang hits you.
The black bear is engulfed in poison gas.
The black bear looks even sicker.
The black bear bites you. The black bear barely misses you.
The black bear claws you.
The iguana is engulfed in poison gas.
The iguana looks even sicker.
The orc throws a boomerang.
The boomerang hits you.
The black bear is engulfed in poison gas.
The black bear looks even sicker.
The orc hits you but does no damage. Something hits you but does no damage.
The orc attacks as you move away! The orc hits you but does no damage.
The iguana is engulfed in poison gas.
The iguana looks even sicker.
The iguana bites you.
* * * LOW HITPOINT WARNING * * *
The black bear is engulfed in poison gas.
The black bear looks as sick as possible!
It was a potion of attraction.
You feel attractive to monsters.
The iguana is engulfed in poison gas.
The iguana looks as sick as possible!
The iguana bites you!
You die...

#....."......#
#.§§§§§§§....#
..☼§§§§§§. ..###. ...#.
..§§§§§§§# .§§...##.....
..§§§§§§.##§§.........#
#§§§§§§§§§## .$....##
##§§§§§§§o§§#####.......
..§§§§lh§..§§☼##........
..§.§§§@§§§☼§§§.........
..§§§§§§§§§§{§§.........
.#§§§§###§§☼☼§§.......##
##§§☼ #.§o§☼§§.......##
##☼# ##.§§§§☼....##.##
§. #..§☼§§☼.....# .. ##
##.........#... #
........####...#
#..###..### #...


You could see a black bear (extremely poisoned), an iguana (extremely poisoned)
and 2 orcs.

Vanquished Creatures
  An ice beast (D:3)
  2 orc priests (D:3)
  Jessica (D:3)
  An orc wizard (D:2)
  4 adders (D:3)
  3 dart slugs
  10 orcs
  5 endoplasms
  A giant cockroach (D:1)
  5 goblins
  8 hobgoblins
  3 jackals (D:3)
  8 kobolds
  5 quokkas
  8 ball pythons
  9 bats
  5 frilled lizards
  3 rats
82 creatures vanquished.

Notes
Turn   | Place    | Note
-------+----------+-------------------------------------------
     0 | D:1      | Ijustatesigmund the Gargoyle Earth Elementalist began the
                  | quest for the Orb.
     0 | D:1      | Reached XP level 1. HP: 10/10 MP: 3/3
    88 | D:1      | Reached XP level 2. HP: 16/16 MP: 1/5
   206 | D:1      | Reached skill level 1 in Fighting
   214 | D:1      | Reached skill level 4 in Earth Magic
   679 | D:1      | Reached XP level 3. HP: 20/20 MP: 3/6
   683 | D:1      | Learned a level 3 spell: Stone Arrow
  1686 | D:2      | Found Gok Hear's Book Shoppe.
  1796 | D:2      | Found Batit's Assorted Antiques.
  1801 | D:2      | Bought a scroll labelled RAMNYU WETRE for 23 gold pieces
  1801 | D:2      | Bought a scroll labelled SIGAHU EPOS for 23 gold pieces
  1801 | D:2      | Bought a murky purple potion for 20 gold pieces
  1801 | D:2      | Bought a scroll labelled DINUNU XEJAX for 23 gold pieces
  1911 | D:2      | Reached skill level 1 in Conjurations
  1911 | D:2      | Reached XP level 4. HP: 23/26 MP: 1/8
  2249 | D:3      | Reached XP level 5. HP: 30/30 MP: 1/9
  2768 | D:3      | Reached skill level 5 in Earth Magic
  2846 | D:3      | Noticed an ice beast
  2862 | D:3      | Killed an ice beast
  2863 | D:3      | Reached XP level 6. HP: 15/35 MP: 1/11
  3048 | D:3      | Noticed Jessica
  3051 | D:3      | Killed Jessica
  3344 | D:3      | Found a hide-covered altar of Uskayaw.
  4098 | D:3      | You fall into a shaft and drop 2 floors!
  4098 | D:5      | Entered Level 5 of the Dungeon
  4117 | D:5      | Noticed a black bear
  4124 | D:5      | Slain by an iguana

Illustrated notes

Levels and vault maps discovered:
D:1:      lightli_arrival_noodles, layout_basic, moated_statue,
          minmay_pentomino_q2
D:2:      layout_rooms, serial_shops, shop, shop
D:3:      minmay_bubble_buster, layout_loops_ring, led_sif_pool,
          nicolae_uskayaw_murder_on_the_dancefloor, uniq_jessica
D:5:      layout_cave_pools, cheibrodos_ashenzari_chains,
          nicolae_overflow_crystal_walls, trog_hazing_becter, kennysheep_mini,
          minmay_temple_entry_tees, serial_shops, shop,
          hangedman_decor_diamond_cutter

Skill      XL: |  1  2  3  4  5  6 |
---------------+-------------------+-----
Fighting       | 1 |  1.7
Earth Magic    | 4 5 |  5.8
Conjurations   | 1 2 3 |  3.1
Spellcasting   | 3 |  3.9
Dodging        | |  1.5
Stealth        | |  2.1
Transmutations | |  0.7

Action                     |  1- 3 |  4- 6 || total
---------------------------+-------+-------++-------
  Melee: Unarmed           |     2 |       ||     2
         Whip              |    20 |       ||    20
         Punch             |     2 |     2 ||     4
         Mace              |     7 |    16 ||    23
         Flail             |       |   131 ||   131
   Cast: Sandblast         |    58 |    10 ||    68
         Stone Arrow       |     1 |    17 ||    18
    Use: Potion            |       |     4 ||     4
         Scroll            |       |     2 ||     2
   Stab: Sleeping          |     1 |       ||     1
 Armour: Robe              |    13 |    87 ||   100
  Dodge: Dodged            |    38 |   116 ||   154
